 Dungeon Crawl Stone Soup version 0.27-a0-279-gdfb9265905 (webtiles) character file.

Game seed: 9150308620750046687

40 nomadicburrito the Ducker (level 3, -5/20 HPs)
             Began as a Vine Stalker Monk on Feb 7, 2021.
             Slain by a worm (10 damage)
             ... on level 2 of the Dungeon.
             The game lasted 00:03:38 (1735 turns).

nomadicburrito the Ducker (Vine Stalker Monk)       Turns: 1735, Time: 00:03:38

Health: -5/20      AC:  2    Str: 14    XL:     3   Next: 50%
Magic:  0/4        EV: 13    Int: 10    God:
Gold:   60         SH:  0    Dex: 16    Spells: 2/2 levels left

rFire    . . .     SeeInvis .     - Unarmed
rCold    . . .     Faith    .   (no shield)
rNeg     . . .     Spirit   +   a - +0 robe
rPois    .         Reflect  .   (no helmet)
rElec    .         Harm     .   (no cloak)
rCorr    .         Rampage  .   (no gloves)
Will     .....                  (no boots)
Stlth    ++........             (no amulet)
HPRegen  0.06/turn              (no ring)
MPRegen  0.09/turn              (no ring)

@: no status effects
A: fangs 2, magic shield, antimagic bite, no potion heal 3
a: no special abilities


You were on level 2 of the Dungeon.
You visited 1 branch of the dungeon, and saw 2 of its levels.

You collected 60 gold pieces.

Inventory:

Armour
 a - a +0 robe (worn)
Scrolls
 c - a scroll of teleportation {unknown}
 d - a scroll of noise {unknown}
 f - 3 scrolls of identify {unknown}
 g - a scroll of immolation {unknown}
 h - 3 scrolls of remove curse {unknown}
Potions
 b - a potion of heal wounds {unknown}
 e - a potion of invisibility {unknown}


   Skills:
 + Level 3.1 Fighting
 * Level 3.3 Dodging
 - Level 2.4 Stealth
 - Level 3.0 Unarmed Combat


You had 2 spell levels left.
You didn't know any spells.
Your spell library was empty.

Dungeon Overview and Level Annotations

Branches:
Dungeon (2/15)

Altars:
Ashenzari

Annotations:
D:2 Terence


Innate Abilities, Weirdness & Mutations

You have extremely sharp teeth.
When hurt, damage is shared between your health and your magic reserves.
Your bite disrupts and absorbs the magic of your enemies.
Potions cannot restore your health.


Message History

You barely miss Terence.
Terence is moderately wounded.
You hit Terence. You bite Terence, but do no damage.
Terence is heavily wounded.
Terence barely misses you. The worm bites you.
You closely miss Terence.
Terence is heavily wounded.
Terence hits you with a +0 mace.
You barely miss Terence. You bite Terence, but do no damage.
Terence is heavily wounded.
The worm closely misses you. Terence hits you with a +0 mace!
* * * LOW HITPOINT WARNING * * *
You are too injured to fight recklessly!
You are too injured to fight recklessly!
You are too injured to fight recklessly!
You are too injured to fight recklessly!
You are too injured to fight recklessly!
The worm bites you!
Ouch! That really hurt!
You die...

#############
#...........#
#...........#
#...........#
#...........#
#.......@...#
#.....w.....#
#......@....##
#....>.........
#..?........###
#...........#
#...........###
#............).
#....[......###
#........######.
#..............#


You could see Terence and a worm.

Vanquished Creatures
  A leopard gecko (D:1)
  4 bats (D:2)
  2 giant cockroaches
  5 goblins (D:1)
  6 hobgoblins
  2 jackals (D:1)
  7 kobolds
  A quokka (D:2)
  A ball python (D:1)
  4 rats
33 creatures vanquished.

Vanquished Creatures (others)
  4 toadstools (D:1)
4 creatures vanquished.

Grand Total: 37 creatures vanquished

Notes
Turn   | Place    | Note
-------+----------+-------------------------------------------
     0 | D:1      | nomadicburrito the Vine Stalker Monk began the quest for
                  | the Orb.
     0 | D:1      | Reached XP level 1. HP: 11/11 MP: 2/2
   223 | D:1      | Reached XP level 2. HP: 12/16 MP: 3/3
  1005 | D:1      | Reached XP level 3. HP: 20/20 MP: 4/4
  1358 | D:2      | Found a broken altar of Ashenzari.
  1724 | D:2      | Noticed Terence
  1735 | D:2      | Slain by a worm

Illustrated notes

Levels and vault maps discovered:
D:1:      ldierk_walled_garden_2, layout_basic
D:2:      layout_basic, general_overflow_altar, lemuel_doored_altar,
          lemuel_tele_altar, uniq_terence

Skill      XL: |  1  2 |
---------------+-------+-----
Fighting       | 3 |  3.1
Dodging        | 3 |  3.3
Stealth        | |  2.4
Unarmed Combat | |  3.0

Action                   || total
-------------------------++-------
Melee: Unarmed           ||   110
       Bite              ||    29
       Punch             ||     1
 Stab: Sleeping          ||     5
Armor: Robe              ||    18
Dodge: Dodged            ||    74

Table legend: (Time is in decaauts)
 A = Elapsed time spent in this place.
 B = Non-inter-level travel time spent in this place.
 C = Inter-level travel time spent in this place.
 D = Time resting spent in this place.
 E = Time spent auto-exploring this place.
 F = Levels seen in this place.
 G = Mean time per level.
                   A        B        C        D        E       F      G
               +--------+--------+--------+--------+--------+-----+--------+
         Total |   1728 |   1715 |     13 |    355 |   1106 |   2 |  864.0 |
       Dungeon |   1728 |   1715 |     13 |    355 |   1106 |   2 |  864.0 |
               +--------+--------+--------+--------+--------+-----+--------+

Top non-repeatable levels by time:
     D:1: 1285 daAuts
     D:2: 443 daAuts
